[Event "ICC tourney 1942 (7 2)"]
[Site "Internet Chess Club"]
[Date "2020.07.31"]
[Round "2"]
[White "DrPatzenGambino"]
[Black "AJRChess2011"]
[Result "0-1"]
[ICCResult "White resigns"]
[WhiteElo "1419"]
[BlackElo "1547"]
[Opening "Sicilian: Smith-Morra gambit"]
[ECO "B21"]
[NIC "SI.48"]
[Time "19:46:33"]
[TimeControl "420+2"]

1. e4 c5 2. d4 cxd4 3. c3 dxc3 4. Nxc3 Nc6 5. f4 g6 6. Bc4 Bg7 7. Nf3 Nf6 8.
Be3 O-O 9. Qe2 e6 10. O-O-O Nb4 11. Kb1 d5 12. exd5 exd5 13. Bc5 Re8 14. Ne5
Bf5+ 15. Kc1 Qa5 16. Bxb4 Qxb4 17. Rxd5 Nxd5 18. Nxd5 Qc5 19. g4 Rxe5 20.
fxe5 Bh6+ 21. Kd1 Rd8 22. gxf5 Rxd5+ 23. Ke1 Rxe5 {White resigns} 0-1

[Event "ICC tourney 1942 (7 2)"]
[Site "Internet Chess Club"]
[Date "2020.07.31"]
[Round "2"]
[White "oxdidi"]
[Black "knighthawkmill"]
[Result "0-1"]
[ICCResult "White checkmated"]
[WhiteElo "1128"]
[BlackElo "1449"]
[Opening "French: advance variation"]
[ECO "C02"]
[NIC "FR.03"]
[Time "19:46:24"]
[TimeControl "420+2"]

1. e4 e6 2. d4 d5 3. e5 a5 4. Nf3 a4 5. c3 c5 6. Bb5+ Bd7 7. Bxd7+ Nxd7 8.
Be3 c4 9. Nbd2 Be7 10. O-O h5 11. Re1 Nh6 12. Nf1 Nf5 13. Ng3 Nxg3 14. hxg3
h4 15. gxh4 Bxh4 16. Qe2 Nf8 17. g3 Be7 18. Qf1 Ng6 19. Qg2 Kd7 20. Rab1 Qb6
21. Ng5 Bxg5 22. Bxg5 Rh7 23. a3 Rah8 24. Kf1 Ne7 25. Ke2 Nf5 26. Rh1 Qb3
27. Rxh7 Rxh7 28. Bd2 g6 29. Qg1 Qc2 30. Qc1 Qd3+ 31. Ke1 Rh1#
{White checkmated}
0-1

[Event "ICC tourney 1942 (7 2)"]
[Site "Internet Chess Club"]
[Date "2020.07.31"]
[Round "2"]
[White "Egkninja"]
[Black "johnnydo928"]
[Result "0-1"]
[ICCResult "White checkmated"]
[WhiteElo "1247"]
[BlackElo "1347"]
[Opening "Petrov's defense"]
[ECO "C42"]
[NIC "RG.03"]
[Time "19:46:19"]
[TimeControl "420+2"]

1. e4 e5 2. Nf3 Nf6 3. Nxe5 Nc6 4. Nxc6 dxc6 5. Nc3 Bc5 6. Bc4 Ng4 7. O-O
Qh4 8. h3 Nxf2 9. d4 Nxd1 10. dxc5 Nxc3 11. Bxf7+ Kd8 12. bxc3 Rf8 13. Rd1+
Ke7 14. Bb3 Qf2+ 15. Kh1 Bxh3 16. Bg5+ Ke8 17. gxh3 Qf3+ 18. Kh2 h6 19. Bh4
Qe2+ 20. Kh1 Qxe4+ 21. Kh2 Qxh4 22. Re1+ Kd8 23. Rad1+ Kc8 24. Be6+ Kb8 25.
Rf1 Rxf1 26. Rxf1 b6 27. cxb6 cxb6 28. Rf8+ Kb7 29. Rf7+ Ka6 30. Rxg7 Qf2+
31. Rg2 Qf4+ 32. Kh1 Re8 33. Bc4+ Qxc4 34. Kh2 Qf4+ 35. Kh1 Re1+ 36. Rg1
Qf3+ 37. Kh2 Re2+ 38. Rg2 Qxg2# {White checkmated} 0-1

[Event "ICC tourney 1942 (7 2)"]
[Site "Internet Chess Club"]
[Date "2020.07.31"]
[Round "2"]
[White "MonkeyTown"]
[Black "Ayushb"]
[Result "1/2-1/2"]
[ICCResult "Game drawn by mutual agreement"]
[WhiteElo "1362"]
[BlackElo "1424"]
[Opening "Queen's pawn game"]
[ECO "D05"]
[NIC "QP.08"]
[Time "19:47:12"]
[TimeControl "420+2"]

1. d4 d5 2. Nf3 Nf6 3. e3 e6 4. Bd3 Bd6 5. Nbd2 c5 6. b3 b6 7. Qe2 O-O 8.
Bb2 Nbd7 9. O-O Bb7 10. Rac1 Qe7 11. c4 Rac8 12. Rfe1 e5 13. dxe5 Nxe5 14.
Nxe5 Bxe5 15. Bxe5 Qxe5 16. Nf3 Qh5 17. Rcd1 dxc4 18. Bxc4 Ng4 19. h3 Ne5
20. Nxe5 Qxe5 21. Rd7 Rc7 22. Red1 Rxd7 23. Rxd7 Qe4 24. Qf1 Qc6 25. Rd1 h6
26. Bd5 Qc7 27. Bxb7 Qxb7 28. Qd3 b5 29. Qd5 Qb6 30. Rc1 Rc8 31. Qd7 Rd8 32.
Qe7 Rc8 33. Qd7 Qc6 34. Qxa7 c4 35. bxc4 bxc4 36. Rc3 Rd8 37. Qe7 Ra8 38. a3
Rc8 39. Qb4 {Game drawn by mutual agreement} 1/2-1/2

[Event "ICC tourney 1942 (7 2)"]
[Site "Internet Chess Club"]
[Date "2020.07.31"]
[Round "2"]
[White "SGOLD9367"]
[Black "yogokings12"]
[Result "1-0"]
[ICCResult "Black resigns"]
[WhiteElo "1550"]
[BlackElo "1481"]
[Opening "Sicilian"]
[ECO "B50"]
[NIC "SI.01"]
[Time "19:46:25"]
[TimeControl "420+2"]

1. e4 c5 2. Nf3 d6 3. Nc3 Nf6 4. Be2 g6 5. d3 Bg7 6. Bd2 O-O 7. O-O Nc6 8.
h3 e6 9. Nh2 d5 10. Bf3 dxe4 11. Nxe4 Nxe4 12. Bxe4 Bxb2 13. Rb1 Bg7 14.
Bxc6 bxc6 15. Qf3 Qd5 16. a3 Ba6 17. c4 Qxf3 18. Nxf3 Rfd8 19. Rb3 Rab8 20.
Rfb1 Rxb3 21. Rxb3 Kf8 22. Bc3 Bxc3 23. Rxc3 Rb8 24. Ne5 Rb1+ 25. Kh2 Bb7
26. Nd7+ Ke7 27. Nxc5 Bc8 28. Ne4 f5 29. Ng5 h6 30. Nf3 Kf6 31. Nd4 Bd7 32.
Nb3 e5 33. Nc5 Bc8 34. Rb3 Rxb3 35. Nxb3 Ke6 36. f3 Kd6 37. Kg3 c5 38. Kf2
Kc6 39. Ke3 Kb6 40. f4 exf4+ 41. Kxf4 Bb7 42. g3 Bg2 43. h4 a5 44. Ke3 Bh3
45. d4 cxd4+ 46. Kxd4 g5 47. a4 f4 48. c5+ Kc6 49. Nxa5+ Kc7 50. gxf4 gxh4
51. Ke4 Bd7 52. c6 Be6 53. f5 Bf7 54. f6 Kb6 55. Kf3 Be6 56. Kg2 Kxa5 57. c7
Kb6 58. c8=Q {Black resigns} 1-0

[Event "ICC tourney 1942 (7 2)"]
[Site "Internet Chess Club"]
[Date "2020.07.31"]
[Round "2"]
[White "Luc2008"]
[Black "Benranger2011"]
[Result "1/2-1/2"]
[ICCResult "Game drawn by mutual agreement"]
[WhiteElo "1444"]
[BlackElo "1507"]
[Opening "English: Wimpey system"]
[ECO "A06"]
[NIC "QP.09"]
[Time "19:46:19"]
[TimeControl "420+2"]

1. Nf3 d5 2. b3 Nf6 3. Bb2 e6 4. e3 c5 5. c4 Nc6 6. cxd5 Nxd5 7. d4 Be7 8.
Be2 O-O 9. O-O Bf6 10. Nc3 Nxc3 11. Bxc3 Re8 12. Rc1 cxd4 13. Nxd4 Nxd4 14.
Bxd4 e5 15. Bc3 Qxd1 16. Rfxd1 Bf5 17. Bf3 e4 18. Bxf6 exf3 19. Bh4 fxg2 20.
Kxg2 Rec8 21. Rxc8+ Rxc8 22. Rd8+ Rxd8 23. Bxd8 Kf8 24. Kf3 Ke8 25. Ba5 Kd7
26. e4 Be6 27. Ke3 Kc6 28. Bc3 g6 29. f4 Kc5 30. Kd3 b5 31. a3 Bxb3 32. Bd4+
Kd6 33. Bxa7 Kc6 34. Kd4 Kd6 35. Bc5+ Kc6 36. Bb4 Be6 37. Ke5 Kd7 38. Kf6
Ke8 39. f5 gxf5 40. exf5 Bd7 41. h4 h5 42. Kg5 Kd8 43. f6 Bg4 44. Kf4 Kd7
45. Ke5 Be6 46. Bc5 {Game drawn by mutual agreement} 1/2-1/2

[Event "ICC tourney 1942 (7 2)"]
[Site "Internet Chess Club"]
[Date "2020.07.31"]
[Round "2"]
[White "ullchen"]
[Black "JadeTooth"]
[Result "1-0"]
[ICCResult "Black forfeits on time"]
[WhiteElo "1394"]
[BlackElo "709"]
[Opening "Ruy Lopez: Berlin defense"]
[ECO "C65"]
[NIC "RL.07"]
[Time "19:47:12"]
[TimeControl "420+2"]

1. e4 e5 2. Nf3 Nc6 3. Bb5 Nf6 4. d3 d6 5. c3 Bg4 6. Nbd2 Be7 7. O-O O-O 8.
h3 Bh5 9. Re1 a6 10. Ba4 b5 11. Bc2 d5 12. Qe2 d4 13. g4 Nxg4 14. hxg4 Bxg4
15. Nf1 f5 16. N1h2 Bh5 17. Qf1 dxc3 18. bxc3 f4 19. Qh3 Bg6 20. Qe6+ Kh8
21. Qxc6 Be8 22. Qd5 Qc8 23. Qxe5 Bd6 24. Qd5 {Black forfeits on time} 1-0

[Event "ICC tourney 1942 (7 2)"]
[Site "Internet Chess Club"]
[Date "2020.07.31"]
[Round "2"]
[White "AkshatSuresh"]
[Black "CobaltGame"]
[Result "1-0"]
[ICCResult "Black forfeits on time"]
[WhiteElo "1348"]
[BlackElo "1208"]
[Opening "Ruy Lopez: Classical defense deferred"]
[ECO "C70"]
[NIC "RL.09"]
[Time "19:46:20"]
[TimeControl "420+2"]

1. e4 e5 2. Nf3 Nc6 3. Bb5 a6 4. Ba4 Bc5 5. c3 d6 6. d3 Bd7 7. Nbd2 Nf6 8.
O-O O-O 9. h3 Qc8 10. Re1 Re8 11. Nf1 Nh5 12. Be3 Bxe3 13. fxe3 h6 14. Bb3
Na5 15. Bc2 Re6 16. b4 Nc6 17. a3 Qd8 18. Kh1 Rg6 19. Nxe5 Nxe5 20. Qxh5 Rg5
21. Qe2 Qf6 22. Nh2 Qg6 23. Rf1 Rf8 24. Nf3 Nxf3 25. Qxf3 f5 26. d4 Rg3 27.
Qf2 {Black forfeits on time} 1-0

[Event "ICC tourney 1942 (7 2)"]
[Site "Internet Chess Club"]
[Date "2020.07.31"]
[Round "2"]
[White "FozzieB"]
[Black "pika0008"]
[Result "0-1"]
[ICCResult "White checkmated"]
[WhiteElo "1206"]
[BlackElo "1149"]
[Opening "Sicilian defense"]
[ECO "B30"]
[NIC "SI.31"]
[Time "19:47:12"]
[TimeControl "420+2"]

1. e4 c5 2. Nf3 Nc6 3. Be2 g6 4. c3 Bg7 5. O-O e6 6. d4 cxd4 7. cxd4 d5 8.
e5 Nge7 9. Bg5 h6 10. Be3 Nf5 11. Qd2 Nxe3 12. Qxe3 Bd7 13. Nc3 Nb4 14. Rac1
O-O 15. a3 Nc6 16. Nb5 a6 17. Nd6 b5 18. Nb7 Qb6 19. Nc5 Rfd8 20. b4 a5 21.
Qc3 Rac8 22. Qd3 axb4 23. Nxd7 Rxd7 24. axb4 Rdc7 25. Qxb5 Qxb5 26. Bxb5
Nxb4 27. Rxc7 Rxc7 28. g3 h5 29. Rb1 Bf8 30. h4 Rc2 31. Ra1 Bh6 32. Ra8+ Kg7
33. Be8 Rc7 34. Rb8 Nc6 35. Bxc6 Rxc6 36. Rb7 Rc4 37. Kf1 Rc2 38. Rb5 Bc1
39. Rc5 Rxc5 40. dxc5 Kf8 41. Nd4 Ke8 42. Ke2 Ba3 43. c6 Kd8 44. Kd3 Kc7 45.
Kc3 Bc5 46. Nf3 Kxc6 47. Ng5 Bxf2 48. Nxf7 Bxg3 49. Nh8 Bxe5+ 50. Kd3 Bxh8
51. Ke3 e5 52. Kd3 Kc5 53. Ke3 Bf6 54. Kd3 Bxh4 55. Ke3 g5 56. Kd3 g4 57.
Ke3 g3 58. Kf3 d4 59. Ke2 e4 60. Kf1 d3 61. Kg2 e3 62. Kf1 e2+ 63. Kg2 d2
64. Kg1 e1=Q+ 65. Kg2 d1=Q 66. Kh3 Qg4+ 67. Kg2 Qf2+ 68. Kh1 Qh3#
{White checkmated}
0-1

[Event "ICC tourney 1942 (7 2)"]
[Site "Internet Chess Club"]
[Date "2020.07.31"]
[Round "2"]
[White "Schmall"]
[Black "SanthoshA"]
[Result "1-0"]
[ICCResult "Black forfeits on time"]
[WhiteElo "1564"]
[BlackElo "1419"]
[Opening "QGD"]
[ECO "D30"]
[NIC "QP.08"]
[Time "19:46:27"]
[TimeControl "420+2"]

1. d4 d5 2. c4 e6 3. Nf3 Nf6 4. Bg5 Be7 5. e3 Ne4 6. Bxe7 Qxe7 7. Bd3 Nf6 8.
O-O O-O 9. Nc3 c6 10. Re1 Nbd7 11. Rc1 dxc4 12. Bxc4 Nb6 13. Bd3 Nbd5 14. e4
Nf4 15. e5 N6d5 16. Ne4 Nxd3 17. Qxd3 Rd8 18. Nd6 f6 19. a3 f5 20. Qd2 h6
21. h4 Nc7 22. g3 Ne8 23. Nxe8 Qxe8 24. Qc3 Qh5 25. Red1 Bd7 26. Nh2 Be8 27.
b4 Rac8 28. Qb3 Qf7 29. a4 a6 30. Rc5 Qe7 31. Rdc1 Bd7 32. Qf3 Qf7 33. Qe3
Rf8 34. f4 Qg6 35. Kf2 Qh5 36. Nf3 Qg4 37. Kg2 Kh7 38. a5 Kg8 39. Nd2 Rf7
40. Nc4 Re7 41. Nd6 Rc7 42. Qf3 Qxf3+ 43. Kxf3 Kh7 44. Rg1 Kg6 45. g4 fxg4+
46. Rxg4+ Kh7 47. h5 Be8 48. Rh4 Bf7 49. Ke4 Bg8 50. f5 exf5+ 51. Nxf5
{Black forfeits on time}
1-0

[Event "ICC tourney 1942 (7 2)"]
[Site "Internet Chess Club"]
[Date "2020.07.31"]
[Round "2"]
[White "Reyvaj0075"]
[Black "Mulan2009"]
[Result "1-0"]
[ICCResult "Black checkmated"]
[WhiteElo "1467"]
[BlackElo "1379"]
[Opening "Dresden opening"]
[ECO "A04"]
[NIC "QP.11"]
[Time "19:46:53"]
[TimeControl "420+2"]

1. Nf3 Nc6 2. c4 e5 3. e4 Bc5 4. d3 d6 5. Be2 f5 6. Nc3 Nf6 7. Bg5 Bb4 8.
O-O O-O 9. a3 Bxc3 10. bxc3 fxe4 11. dxe4 Qe8 12. Qc2 Qg6 13. Bxf6 Rxf6 14.
Nh4 Qh6 15. Nf5 Bxf5 16. exf5 Raf8 17. Bd3 Ne7 18. Rae1 Nxf5 19. Bxf5 Rxf5
20. Qe4 Rh5 21. h3 c6 22. Re3 Rf4 23. Qd3 Rg4 24. Rg3 Rgg5 25. f4 Rxg3 26.
Qxg3 Qg6 27. Qe3 b6 28. Qf3 e4 29. Qe3 Rc5 30. Qd4 d5 31. f5 Qf6 32. cxd5
cxd5 33. Qa4 a5 34. Qe8+ Qf8 35. Qe6+ Qf7 36. Qxb6 Rxc3 37. f6 Qc7 38. Qe6+
Qf7 39. Qb6 g6 40. Qd8+ Qf8 41. Qxd5+ Qf7 42. Qd8+ Qf8 43. f7+ Kg7 44. Qd4+
Kh6 45. Qxc3 a4 46. Qe5 g5 47. Qe8 Qc5+ 48. Kh1 Qxa3 49. f8=Q+ Qxf8 50.
Qxf8+ Kg6 51. g4 e3 52. Rf6# {Black checkmated} 1-0

[Event "ICC tourney 1942 (7 2)"]
[Site "Internet Chess Club"]
[Date "2020.07.31"]
[Round "2"]
[White "DrKnight01"]
[Black "gaugerox"]
[Result "1-0"]
[ICCResult "Black forfeits on time"]
[WhiteElo "1255"]
[BlackElo "1225"]
[Opening "Center game"]
[ECO "C22"]
[NIC "KP.04"]
[Time "19:47:07"]
[TimeControl "420+2"]

1. e4 e5 2. d4 exd4 3. Qxd4 Nc6 4. Qd1 Nf6 5. Nc3 Be7 6. Bg5 h6 7. Bh4 O-O
8. Bd3 Ne5 9. Nf3 d6 10. Qe2 Bg4 11. h3 Nxf3+ 12. gxf3 Bh5 13. Rg1 a6 14.
Qe3 Kh8 15. O-O-O Qd7 16. e5 dxe5 17. Bg6 Qxh3 18. Bxf6 Bxf6 19. Bxh5 Qxh5
20. Kb1 Qf5 21. Rh1 Bg5 22. Qe2 Rad8 23. Rdg1 Rd2 24. Qe4 Qd7 25. Rxg5 Qd6
26. Rgh5 Rd8 27. a3 Kg8 28. Rg1 Rd4 29. Qe3 Kf8 30. Ne4 Rd1+ 31. Rxd1 Qxd1+
32. Ka2 f5 33. Qc5+ Kg8 34. Rxf5 Qd5+ 35. Qxd5+ Rxd5 36. Rh5 Kh7 37. Rh1 b6
38. Ng5+ Kg6 39. Ne4 Kf5 40. Rg1 g5 41. Nc3 Rd2 42. Ne4 Rxc2 43. Rd1 Kf4 44.
Rd7 {Black forfeits on time} 1-0

[Event "ICC tourney 1942 (7 2)"]
[Site "Internet Chess Club"]
[Date "2020.07.31"]
[Round "3"]
[White "pika0008"]
[Black "Jeffchess"]
[Result "1-0"]
[ICCResult "Black checkmated"]
[WhiteElo "1244"]
[BlackElo "1310"]
[Opening "Réti opening"]
[ECO "A11"]
[NIC "QP.11"]
[Time "20:14:27"]
[TimeControl "420+2"]

1. Nf3 c6 2. c4 d6 3. d4 Nd7 4. Nc3 a6 5. e4 h6 6. h3 c5 7. d5 e5 8. dxe6
fxe6 9. Nd2 Qf6 10. Be2 Ne7 11. O-O b6 12. e5 Nxe5 13. Nde4 Qh4 14. Nxd6+
Kd8 15. Nf5+ Kc7 16. Nxh4 N7c6 17. Bf3 Nd4 18. Be3 Nexf3+ 19. Nxf3 Bb7 20.
Nxd4 Rd8 21. Nxe6+ Kc6 22. Qxd8 Bd6 23. Qxh8 b5 24. cxb5+ axb5 25. Rad1 g5
26. Bxc5 Bxc5 27. Qg7 Be7 28. Qxe7 Kb6 29. Qc7+ Ka6 30. Nc5+ Ka7 31. Qxb7#
{Black checkmated}
1-0

[Event "ICC tourney 1942 (7 2)"]
[Site "Internet Chess Club"]
[Date "2020.07.31"]
[Round "3"]
[White "eternaldhatu"]
[Black "oxdidi"]
[Result "0-1"]
[ICCResult "White checkmated"]
[WhiteElo "1010"]
[BlackElo "1131"]
[Opening "Giuoco Piano"]
[ECO "C50"]
[NIC "IG.02"]
[Time "20:14:14"]
[TimeControl "420+2"]

1. e4 e5 2. Nf3 Nc6 3. Bc4 Bc5 4. Nxe5 Nxe5 5. d4 Nxc4 6. dxc5 Nf6 7. Nc3
O-O 8. O-O Na5 9. e5 Ne8 10. b4 Nc6 11. Re1 d6 12. cxd6 cxd6 13. exd6 Qxd6
14. Nd5 Be6 15. c4 Nxb4 16. Nxb4 Qxb4 17. Bd2 Qc5 18. Rb1 Qc6 19. c5 Rb8 20.
a3 Qxc5 21. Bb4 Qg5 22. Bxf8 Bd5 23. Bd6 Qxg2# {White checkmated} 0-1

[Event "ICC tourney 1942 (7 2)"]
[Site "Internet Chess Club"]
[Date "2020.07.31"]
[Round "3"]
[White "ab4gm"]
[Black "Dabombpimp"]
[Result "0-1"]
[ICCResult "White checkmated"]
[WhiteElo "1330"]
[BlackElo "1403"]
[Opening "Caro-Kann defense"]
[ECO "B10"]
[NIC "CK.01"]
[Time "20:14:00"]
[TimeControl "420+2"]

1. e4 c6 2. Nf3 d5 3. exd5 cxd5 4. d4 Bg4 5. Nc3 e6 6. h3 Bh5 7. Bb5+ Nc6 8.
g4 Bg6 9. Ne5 Ne7 10. Nxg6 hxg6 11. Be3 a6 12. Bxc6+ Nxc6 13. Qf3 Bb4 14.
Bd2 Nxd4 15. Qd3 Nc6 16. O-O-O O-O 17. Na4 Bxd2+ 18. Rxd2 b5 19. Nc3 Rc8 20.
a3 Ne5 21. Qd4 Nf3 22. Qd3 Nxd2 23. Qxd2 Qc7 24. Qd3 Qc4 25. Qg3 d4 26. Ne4
Qxc2# {White checkmated} 0-1

[Event "ICC tourney 1942 (7 2)"]
[Site "Internet Chess Club"]
[Date "2020.07.31"]
[Round "3"]
[White "yogokings12"]
[Black "IGMin2023"]
[Result "1-0"]
[ICCResult "Black checkmated"]
[WhiteElo "1486"]
[BlackElo "1234"]
[Opening "KGA: bishop's gambit, Maurian defense"]
[ECO "C33"]
[NIC "KG.03"]
[Time "20:14:17"]
[TimeControl "420+2"]

1. e4 e5 2. f4 exf4 3. Bc4 Nc6 4. Nf3 Nf6 5. Nc3 Qe7 6. Qe2 Nb4 7. Bb3 a5 8.
a3 a4 9. Nxa4 Nc6 10. Nc3 b6 11. d4 Bb7 12. Bxf4 d6 13. Bg5 Na5 14. Ba4+ Nc6
15. d5 Ba6 16. Bxc6+ Kd8 17. Qe3 Ra7 18. O-O-O h6 19. Bh4 g5 20. Bg3 Bg7 21.
e5 dxe5 22. Qxe5 Qf8 23. d6 Ne8 24. dxc7+ Kc8 25. Rd8# {Black checkmated}
1-0

[Event "ICC tourney 1942 (7 2)"]
[Site "Internet Chess Club"]
[Date "2020.07.31"]
[Round "3"]
[White "knighthawkmill"]
[Black "DrPatzenGambino"]
[Result "1-0"]
[ICCResult "Black resigns"]
[WhiteElo "1452"]
[BlackElo "1345"]
[Opening "Queen's pawn: Charlick (Englund) gambit"]
[ECO "A40"]
[NIC "QO.17"]
[Time "20:13:58"]
[TimeControl "420+2"]

1. d4 e5 2. dxe5 Nc6 3. Nf3 f6 4. exf6 Nxf6 5. Nc3 Bc5 6. e3 d5 7. Bb5 Bg4
8. a3 Qd6 9. h3 Bh5 10. Ba4 O-O-O 11. b4 Bb6 12. Bb2 h6 13. Nb5 Qe7 14. g4
Nxg4 15. hxg4 Bxg4 16. Rg1 h5 17. Qe2 Rhf8 18. Rg3 a6 19. Nbd4 Ne5 20. Rxg4
Nxf3+ 21. Nxf3 hxg4 22. Ne5 Kb8 23. Ng6 Qh4 24. Nxh4 {Black resigns} 1-0

[Event "ICC tourney 1942 (7 2)"]
[Site "Internet Chess Club"]
[Date "2020.07.31"]
[Round "3"]
[White "SanthoshA"]
[Black "AkshatSuresh"]
[Result "0-1"]
[ICCResult "White checkmated"]
[WhiteElo "1358"]
[BlackElo "1409"]
[Opening "Sicilian defense"]
[ECO "B40"]
[NIC "SI.43"]
[Time "20:13:58"]
[TimeControl "420+2"]

1. e4 c5 2. Nf3 e6 3. Nc3 a6 4. a4 Nc6 5. Bc4 Qc7 6. O-O Nf6 7. d3 Be7 8.
Re1 d6 9. Bf4 O-O 10. e5 dxe5 11. Nxe5 Bd6 12. Nxc6 Bxf4 13. g3 Bd6 14. Ne5
Bxe5 15. Qe2 Bxc3 16. bxc3 Bd7 17. f4 b5 18. axb5 axb5 19. Rxa8 Rxa8 20. Bb3
Bc6 21. Qe3 Bd5 22. Qd2 Bxb3 23. cxb3 h6 24. c4 bxc4 25. bxc4 Qa5 26. Qe2
Rd8 27. Rd1 Qc3 28. h3 Qb3 29. Kf2 Ne4+ 30. Kg2 Nc3 31. Qd2 Qxd1 32. Qxd1
Nxd1 33. Kf1 Rxd3 34. Kg2 Ne3+ 35. Kf3 Nxc4+ 36. Kg4 Nd2 37. Kh4 g6 38. g4
f6 39. g5 hxg5+ 40. fxg5 Rxh3+ 41. Kxh3 fxg5 42. Kg3 c4 43. Kf2 c3 44. Ke3
g4 45. Kd3 g3 46. Kxc3 g2 47. Kxd2 g1=Q 48. Kd3 Qg4 49. Ke3 e5 50. Kd2 Qf3
51. Ke1 Qg2 52. Kd1 Qf2 53. Kc1 Qe2 54. Kb1 Qd2 55. Ka1 e4 56. Kb1 e3 57.
Ka1 e2 58. Kb1 e1=R# {White checkmated} 0-1

[Event "ICC tourney 1942 (7 2)"]
[Site "Internet Chess Club"]
[Date "2020.07.31"]
[Round "3"]
[White "stephenwilly"]
[Black "Luc2008"]
[Result "1-0"]
[ICCResult "Black resigns"]
[WhiteElo "1480"]
[BlackElo "1388"]
[Opening "Sicilian: Najdorf, Byrne (English) attack"]
[ECO "B90"]
[NIC "SI.14"]
[Time "20:14:03"]
[TimeControl "420+2"]

1. e4 c5 2. Nf3 d6 3. d4 cxd4 4. Nxd4 Nf6 5. Nc3 a6 6. Be3 e5 7. Nf3 Be7 8.
Bc4 O-O 9. h3 b5 10. Bd5 Nxd5 11. Qxd5 Be6 12. Qxa8 Qa5 13. Qb7 Nd7 14. O-O
Rb8 15. Qc6 Nf6 16. Nd5 Bxd5 17. exd5 Qd8 18. Rad1 Rc8 19. Qxa6 Rxc2 20.
Qxb5 Qc8 21. Rc1 h6 22. Rxc2 Qxc2 23. Rc1 Qe4 24. Rc8+ Kh7 25. a4 Nxd5 26.
Nd2 Qb4 27. Qxd5 Qxb2 28. Qxf7 Qa1+ 29. Kh2 Bf6 30. Ne4 {Black resigns} 1-0

[Event "ICC tourney 1942 (7 2)"]
[Site "Internet Chess Club"]
[Date "2020.07.31"]
[Round "3"]
[White "Mulan2009"]
[Black "DrKnight01"]
[Result "1-0"]
[ICCResult "Black resigns"]
[WhiteElo "1434"]
[BlackElo "1253"]
[Opening "King's pawn game"]
[ECO "C50"]
[NIC "IG.03"]
[Time "20:14:11"]
[TimeControl "420+2"]

1. e4 e5 2. Nf3 Nc6 3. Bc4 h6 4. d4 exd4 5. Nxd4 Nxd4 6. Qxd4 Qf6 7. e5 Qb6
8. Qf4 f6 9. O-O d6 10. exf6 Nxf6 11. Re1+ Kd8 12. Nc3 Be7 13. Bb3 Rf8 14.
Be3 Qc6 15. Ba4 Qa6 16. Bb5 Qa5 17. b4 Qa3 18. Qd4 Bd7 19. Bc1 {Black
resigns} 1-0

[Event "ICC tourney 1942 (7 2)"]
[Site "Internet Chess Club"]
[Date "2020.07.31"]
[Round "3"]
[White "Oliver0731"]
[Black "Cooliguess"]
[Result "0-1"]
[ICCResult "White resigns"]
[WhiteElo "1283"]
[BlackElo "1394"]
[Opening "Sicilian: Kan, 5.Nc3"]
[ECO "B43"]
[NIC "SI.41"]
[Time "20:19:49"]
[TimeControl "420+2"]

1. e4 c5 2. Nf3 e6 3. d4 cxd4 4. Nxd4 a6 5. Nc3 Qc7 6. Be3 Nf6 7. f4 Bb4 8.
Qd3 Bxc3+ 9. bxc3 Nxe4 10. Bd2 Nxd2 11. Kxd2 O-O 12. g3 Nc6 13. Nf3 h6 14.
h4 b5 15. Bg2 Bb7 16. Raf1 Na5 17. Kd1 Nc4 18. Bh3 Nb2+ {White resigns} 0-1

[Event "ICC tourney 1942 (7 2)"]
[Site "Internet Chess Club"]
[Date "2020.07.31"]
[Round "3"]
[White "SkywalkerRisen"]
[Black "ullchen"]
[Result "0-1"]
[ICCResult "White resigns"]
[WhiteElo "1346"]
[BlackElo "1403"]
[Opening "Caro-Kann defense"]
[ECO "B15"]
[NIC "CK.05"]
[Time "20:14:00"]
[TimeControl "420+2"]

1. e4 c6 2. d4 d5 3. Nc3 dxe4 4. Nxe4 Nf6 5. Ng3 h5 6. h4 Bg4 7. Nf3 c5 8.
Be2 Nc6 9. Be3 e6 10. dxc5 Qa5+ 11. c3 Rd8 12. Qb3 Qc7 13. Qc2 Be7 14. b4
O-O 15. O-O Nd5 16. Ng5 Bxg5 17. Bxg5 Rd7 18. Bxg4 hxg4 19. b5 Ne5 20. c4
Nb4 21. Qc3 Nbd3 22. Be3 Nxc5 23. Bxc5 Qxc5 24. Rac1 Rd3 25. Qc2 Rxg3 26.
Kh2 Rd3 27. Rfe1 Rfd8 28. Qe2 Nxc4 29. Qe4 Qd6+ 30. g3 Nd2 31. Qxg4 Nf3+ 32.
Kg2 Nxe1+ 33. Rxe1 Qd5+ 34. Kh2 Rd2 35. Kg1 Qd4 36. Rf1 {White resigns} 0-1

[Event "ICC tourney 1942 (7 2)"]
[Site "Internet Chess Club"]
[Date "2020.07.31"]
[Round "3"]
[White "Ayushb"]
[Black "SGOLD9367"]
[Result "1-0"]
[ICCResult "Black resigns"]
[WhiteElo "1485"]
[BlackElo "1459"]
[Opening "King's pawn game"]
[ECO "C50"]
[NIC "IG.03"]
[Time "20:14:19"]
[TimeControl "420+2"]

1. e4 e5 2. Nf3 Nc6 3. Bc4 Bd6 4. d4 exd4 5. Nxd4 Be5 6. Be3 Nf6 7. Nc3 h6
8. f4 Bxd4 9. Bxd4 Nxd4 10. Qxd4 Qe7 11. O-O-O d6 12. Rhe1 O-O 13. e5 dxe5
14. fxe5 Nh7 15. Kb1 c6 16. Ne4 Ng5 17. Nd6 Be6 18. Bd3 Qc7 19. h4 Nh7 20.
Qe4 g6 21. h5 Ng5 22. Qh4 Kg7 23. Rh1 Rh8 24. Qf4 Qe7 25. Rdf1 Raf8 26. Qb4
b5 27. Nf5+ Bxf5 28. Qxe7 Bxd3 29. cxd3 Re8 30. Qf6+ Kh7 31. hxg6+ fxg6 32.
Rxh6+ Kxh6 33. Rh1+ {Black resigns} 1-0

[Event "ICC tourney 1942 (7 2)"]
[Site "Internet Chess Club"]
[Date "2020.07.31"]
[Round "3"]
[White "Benranger2011"]
[Black "MonkeyTown"]
[Result "0-1"]
[ICCResult "White forfeits on time"]
[WhiteElo "1485"]
[BlackElo "1384"]
[Opening "Queen's pawn game, Darooha variation "]
[ECO "D02"]
[NIC "QP.08"]
[Time "20:14:03"]
[TimeControl "420+2"]

1. d4 d5 2. Nf3 Nf6 3. c4 e6 4. g3 c6 5. Bg2 Nbd7 6. O-O Be7 7. Nc3 O-O 8.
Re1 Re8 9. e4 dxe4 10. Nxe4 Nxe4 11. Rxe4 Nf6 12. Re1 Bb4 13. Bd2 Bxd2 14.
Qxd2 Qb6 15. c5 Qc7 16. Ne5 Rd8 17. Nc4 Ne8 18. Qe3 Qd7 19. Rad1 Qc7 20. d5
cxd5 21. Bxd5 Kf8 22. Bf3 Rxd1 23. Rxd1 Bd7 24. Qb3 Bc6 25. Bxc6 Qxc6 26.
Na5 Qxc5 27. Nxb7 Qb6 28. Qxb6 axb6 29. a3 Ke7 {White forfeits on time} 0-1

[Event "ICC tourney 1942 (7 2)"]
[Site "Internet Chess Club"]
[Date "2020.07.31"]
[Round "3"]
[White "johnnydo928"]
[Black "NicoSc"]
[Result "0-1"]
[ICCResult "White checkmated"]
[WhiteElo "1297"]
[BlackElo "1407"]
[Opening "Sicilian: Smith-Morra gambit"]
[ECO "B21"]
[NIC "SI.48"]
[Time "20:14:43"]
[TimeControl "420+2"]

1. e4 c5 2. d4 cxd4 3. c3 d3 4. Bxd3 g6 5. Nf3 Bg7 6. O-O Nc6 7. Qe2 d6 8.
Rd1 Qc7 9. Bf4 Nf6 10. e5 dxe5 11. Nxe5 Nxe5 12. Bxe5 Qb6 13. Bb5+ Kf8 14.
c4 Bg4 15. Qd3 Bxd1 16. Qxd1 Rd8 17. Qf3 a6 18. Ba4 Qc5 19. Bxf6 Bxf6 20.
Nc3 Bxc3 21. Qxc3 Qd4 22. Qf3 Kg7 23. Bb3 Qxb2 24. Re1 e6 25. Qxb7 Qc3 26.
Kf1 Qd3+ 27. Kg1 a5 28. c5 Rd7 29. Qb6 Qd2 30. Rf1 Qb4 31. Qa6 Qxc5 32. Ba4
Rd6 33. Qe2 Rhd8 34. h3 Rd2 35. Qe3 Qxe3 36. fxe3 Rxa2 37. Bb3 Rb2 38. Bc4
Rdd2 39. Ra1 Rxg2+ 40. Kf1 Rh2 41. Rxa5 Rb1# {White checkmated} 0-1